 Dungeon Crawl Stone Soup version 0.19.0-2-gae57169 (webtiles) character file.

16 Khazard the Magician (level 2, 0/15 HPs)
             Began as a Tengu Wizard on Nov 5, 2016.
             Slain by a hobgoblin
             ... wielding a +0 club
              (4 damage)
             ... on level 1 of the Dungeon.
             The game lasted 00:00:52 (779 turns).

Khazard the Magician (Tengu Wizard)                  Turns: 779, Time: 00:00:52

Health: 0/15       AC:  2    Str:  7    XL:     2   Next: 54%
Magic:  1/7        EV: 12    Int: 18    God:
Gold:   0          SH:  0    Dex: 12    Spells: 4 memorised, 0 levels left

rFire  . . .     SeeInvis .     a - +0 short sword
rCold  . . .     Gourm    .     i - +0 robe
rNeg   . . .     Faith    .     (no shield)
rPois  .         Spirit   .     b - +0 hat
rElec  .         Reflect  .     (no cloak)
rCorr  .         Harm     .     (no gloves)
MR     .....                    (boots unavailable)
Stlth  ++........               (no amulet)
                                (no ring)
                                (no ring)

@: very slightly contaminated, repel missiles
A: beak, talons 3
a: no special abilities


You were on level 1 of the Dungeon.
You were not hungry.

You visited 1 branch of the dungeon, and saw 1 of its levels.

Inventory:

Hand Weapons
 a - a +0 short sword (weapon)
Armour
 b - a +0 hat (worn)
 i - a +0 robe (worn)
Scrolls
 e - a scroll of immolation {unknown}
 h - a scroll of fear {unknown}
 j - a scroll of amnesia {unknown}
Potions
 f - a potion of curing {unknown}
 g - a potion of haste {unknown}
Books
 c - a book of Minor Magic

   Spells                             Type                      Level
   a - Magic Dart                     Conjuration                  1
   b - Blink                          Translocation                2
   c - Call Imp                       Summoning                    2
   d - Repel Missiles                 Charms/Air                   2
   e - Slow                           Hexes                        2
   f - Conjure Flame                  Conjuration/Fire             3
   g - Mephitic Cloud                 Conjuration/Poison/Air       3
Comestibles
 d - 2 bread rations
 k - a slice of pizza


   Skills:
 - Level 2.1 Dodging
 - Level 2.0 Stealth
 + Level 3.3 Spellcasting
 * Level 2.4 Conjurations
 - Level 1.2 Summonings
 - Level 0.7 Translocations


You couldn't memorise any spells.
You knew the following spells:

 Your Spells              Type           Power        Failure   Level  Hunger
a - Magic Dart            Conj           ##..         8%          1    None
b - Blink                 Tloc           N/A          17%         2    ##.....
c - Call Imp              Summ           #.......     14%         2    ##.....
k - Repel Missiles        Chrm/Air       #.....       28%         2    ##.....


Dungeon Overview and Level Annotations

Branches:
Dungeon (1/15)

Altars:


Innate Abilities, Weirdness & Mutations

You have a beak for a mouth.
You have claws for feet.


Message History

Aim: a hobgoblin, wielding a club The magic dart hits the hobgoblin.
The hobgoblin is lightly wounded.
Casting: Magic Dart
Confirm with . or Enter, or press ? or * to list all spells.
Aiming: Magic Dart
Press: ? - help, Shift-Dir - straight line, f/p - hobgoblin
Aim: a hobgoblin, wielding a club (lightly wounded)
The magic dart hits the hobgoblin.
The hobgoblin is heavily wounded.
The hobgoblin hits you but does no damage.
Casting: Magic Dart
Confirm with . or Enter, or press ? or * to list all spells.
Aiming: Magic Dart
Press: ? - help, Shift-Dir - straight line, f/p - hobgoblin
Aim: a hobgoblin, wielding a club (heavily wounded)
You miscast Magic Dart.
You are very lightly contaminated with residual magic.
Your skin tingles.
The hobgoblin hits you with a club.
You die...

..........#######........
..........# #..######
..........# ###..#...
###.......#####....#.####.
..........................
..#.......#####.##...#.##.
#.#.......................
..........######g#.....###
....#.###.......@##########
....#.##.......###§§§≈≈§≈§#
....#...........#§§§§§§≈§§§
................#§§#≈§§≈#§≈#
#.###...........#§§§§§§§≈§§#
..# #.##...####.#≈≈§§≈§§ §§#
### #.##...# #.############
#†##...# #..'....<....#
#.##...####.############


You could see a hobgoblin.

Vanquished Creatures
  2 leopard geckos (D:1)
  2 bats (D:1)
  2 goblins (D:1)
  4 hobgoblins (D:1)
  2 kobolds (D:1)
  A rat (D:1)
13 creatures vanquished.

Notes
Turn   | Place    | Note
-------+----------+-------------------------------------------
     0 | D:1      | Khazard the Tengu Wizard began the quest for the Orb.
     0 | D:1      | Reached XP level 1. HP: 10/10 MP: 5/5
   479 | D:1      | Reached XP level 2. HP: 15/15 MP: 1/7
   555 | D:1      | Learned a level 2 spell: Call Imp
   558 | D:1      | Learned a level 2 spell: Blink
   561 | D:1      | Learned a level 2 spell: Repel Missiles
   779 | D:1      | Slain by a hobgoblin

Skill      XL: |  1 |
---------------+----+-----
Conjurations   | 2 |  2.4
Dodging        | |  2.1
Stealth        | |  2.0
Spellcasting   | |  3.3
Summonings     | |  1.2
Translocations | |  0.7

Action                   || total
-------------------------++-------
Melee: Unarmed           ||     5
       Kick              ||     1
       Short sword       ||     5
 Cast: Magic Dart        ||    34
       Repel Missiles    ||     1
Armor: Robe              ||     7
Dodge: Dodged            ||    17
